TOP OF THE 1ST |
Texarkana Bears batting - Pitching for District 9 Prawns : RHP Víctor Ventura
|
Pitching: RHP Víctor Ventura
|
|
Batting: RHB Gilberto López
|
0-0: Ball 1-0: Swinging Strike 1-1: Ball 2-1: Fly out, F6 (Line Drive, 56)
|
Batting: RHB Lu-fang Huie
|
0-0: Ball 1-0: Called Strike 1-1: Called Strike 1-2: Ball 2-2: Strikes out looking
|
Batting: RHB Keith Ford
|
0-0: Ball 1-0: SOLO HOME RUN (Flyball, 7D), Distance : 393 ft
|
Batting: RHB Gustavo Díaz
|
0-0: Ball 1-0: Ball 2-0: Called Strike 2-1: Foul Ball, location: 2F 2-2: Fly out, F6 (Popup, 6)
|
Top of the 1st over - 1 run(s), 1 hit(s), 0 error(s), 0 left on base; Texarkana 1 - District 9 0 |
BOTTOM OF THE 1ST |
District 9 Prawns batting - Pitching for Texarkana Bears : RHP Alberto Márquez
|
Pitching: RHP Alberto Márquez
|
|
Batting: RHB Ron Glass
|
0-0: Ball 1-0: Foul Ball, location: 2F 1-1: Ball 2-1: Ground out 6-3 (Groundball, 6M)
|
Batting: RHB José Colón
|
0-0: Fly out, F9 (Flyball, 9LS)
|
Batting: RHB Eduardo García
|
0-0: Called Strike 0-1: Ball 1-1: Ball 2-1: Ball 3-1: Called Strike 3-2: Fly out, F7 (Flyball, 7)
|
Bottom of the 1st over - 0 run(s), 0 hit(s), 0 error(s), 0 left on base; Texarkana 1 - District 9 0 |
TOP OF THE 2ND |
Texarkana Bears batting - Pitching for District 9 Prawns : RHP Víctor Ventura
|
Batting: RHB Billy Campbell
|
0-0: Ball 1-0: Fly out, F7 (Flyball, 7S)
|
Batting: LHB Tom Mullins
|
0-0: Called Strike 0-1: Foul Ball, location: 2F 0-2: Ball 1-2: Ball 2-2: Fly out, F6 (Popup, 6MS)
|
Batting: RHB Alberto Velásquez
|
0-0: Ball 1-0: Ball 2-0: Fly out, F9 (Flyball, 9LSF)
|
Top of the 2nd over - 0 run(s), 0 hit(s), 0 error(s), 0 left on base; Texarkana 1 - District 9 0 |
BOTTOM OF THE 2ND |
District 9 Prawns batting - Pitching for Texarkana Bears : RHP Alberto Márquez
|
Batting: LHB José Flores
|
0-0: SINGLE (Line Drive, 56)
|
Batting: SHB Rick Turner
|
0-0: Ball 1-0: Foul Ball, location: 2F 1-1: Foul Ball, location: 2F 1-2: Ball 2-2: Foul Ball, location: 2F 2-2: Foul Ball, location: 2F 2-2: Foul Ball, location: 2F 2-2: Fly out, F6 (Popup, 6S)
|
Batting: LHB Tommy Payne
|
0-0: Foul Ball, location: 2F 0-1: Fielders Choice at 2nd, 4-6 (Groundball, 34)
|
Batting: RHB Edgardo Carrasco
|
0-0: Ball 1-0: Fly out, F8 (Line Drive, 8LM)
|
Bottom of the 2nd over - 0 run(s), 1 hit(s), 0 error(s), 1 left on base; Texarkana 1 - District 9 0 |
TOP OF THE 3RD |
Texarkana Bears batting - Pitching for District 9 Prawns : RHP Víctor Ventura
|
Batting: RHB Sadao Kimura
|
0-0: Called Strike 0-1: Ball 1-1: Ball 2-1: Foul Ball, location: 2F 2-2: Strikes out swinging
|
Batting: RHB Steve Garneys
|
0-0: Called Strike 0-1: Ball 1-1: Ball 2-1: Swinging Strike 2-2: Ball 3-2: Foul Ball, location: 2F 3-2: Base on Balls
|
Batting: RHB Gilberto López
|
0-0: Called Strike 0-1: Ball 1-1: Ball 2-1: Fly out, F7 (Flyball, 7)
|
Batting: RHB Lu-fang Huie
|
0-0: Ball 1-0: Fielders Choice at 2nd, 6-4 (Groundball, 6)
|
Top of the 3rd over - 0 run(s), 0 hit(s), 0 error(s), 0 left on base; Texarkana 1 - District 9 0 |
BOTTOM OF THE 3RD |
District 9 Prawns batting - Pitching for Texarkana Bears : RHP Alberto Márquez
|
Batting: RHB Boyd Pittman
|
0-0: Ball 1-0: Called Strike 1-1: Ball 2-1: Swinging Strike 2-2: Strikes out looking
|
Batting: RHB Alfredo Rangel
|
0-0: Called Strike 0-1: Swinging Strike 0-2: Ball 1-2: Strikes out swinging
|
Batting: RHB Ron Glass
|
0-0: Ball 1-0: Called Strike 1-1: Ground out 6-3 (Groundball, 6)
|
Bottom of the 3rd over - 0 run(s), 0 hit(s), 0 error(s), 0 left on base; Texarkana 1 - District 9 0 |
TOP OF THE 4TH |
Texarkana Bears batting - Pitching for District 9 Prawns : RHP Víctor Ventura
|
Batting: RHB Keith Ford
|
0-0: Ball 1-0: Ball 2-0: Called Strike 2-1: Foul Ball, location: 2F 2-2: Ball 3-2: Strikes out swinging
|
Batting: RHB Gustavo Díaz
|
0-0: Ball 1-0: Foul Ball, location: 2F 1-1: DOUBLE (Flyball, 9LM)
|
Batting: RHB Billy Campbell
|
0-0: Ball 1-0: 2-RUN HOME RUN (Flyball, 7D), Distance : 387 ft
|
Batting: LHB Tom Mullins
|
0-0: Called Strike 0-1: Foul Ball, location: 2F 0-2: Foul Ball, location: 2F 0-2: Ball 1-2: Foul Ball, location: 2F 1-2: Strikes out swinging
|
Batting: RHB Alberto Velásquez
|
0-0: Called Strike 0-1: SINGLE (Line Drive, 7LS)
|
Batting: RHB Sadao Kimura
|
0-0: Called Strike 0-1: Ball 1-1: Ball 2-1: Called Strike 2-2: Strikes out swinging
|
Top of the 4th over - 2 run(s), 3 hit(s), 0 error(s), 1 left on base; Texarkana 3 - District 9 0 |
BOTTOM OF THE 4TH |
District 9 Prawns batting - Pitching for Texarkana Bears : RHP Alberto Márquez
|
Batting: RHB José Colón
|
0-0: Called Strike 0-1: Ball 1-1: Called Strike 1-2: Strikes out swinging
|
Batting: RHB Eduardo García
|
0-0: Foul Ball, location: 2F 0-1: Ball 1-1: Called Strike 1-2: SOLO HOME RUN (Flyball, 9D), Distance : 406 ft
|
Batting: LHB José Flores
|
0-0: Ground out 6-3 (Groundball, 6)
|
Batting: SHB Rick Turner
|
0-0: Called Strike 0-1: Ball 1-1: Foul Ball, location: 2F 1-2: Ball 2-2: Ball 3-2: DOUBLE (Line Drive, 7LD)
|
Batting: LHB Tommy Payne
|
0-0: Ground out 4-3 (Groundball, 4D)
|
Bottom of the 4th over - 1 run(s), 2 hit(s), 0 error(s), 1 left on base; Texarkana 3 - District 9 1 |
TOP OF THE 5TH |
Texarkana Bears batting - Pitching for District 9 Prawns : RHP Víctor Ventura
|
Batting: RHB Steve Garneys
|
0-0: Foul Ball, location: 2F 0-1: Ground out 4-3 (Groundball, 4D)
|
Batting: RHB Gilberto López
|
0-0: Ball 1-0: Swinging Strike 1-1: Ball 2-1: Ball 3-1: Base on Balls
|
Batting: RHB Lu-fang Huie
|
0-0: Ball 1-0: Ball 2-0: Ball 3-0: Called Strike 3-1: Base on Balls Gilberto López to second
|
Batting: RHB Keith Ford
|
0-0: Ball 1-0: Foul Ball, location: 2F 1-1: Fly out, F8 (Flyball, 8RM)
|
Batting: RHB Gustavo Díaz
|
0-0: Foul Ball, location: 2F 0-1: Ball 1-1: Foul Ball, location: 2F 1-2: Ball 2-2: Ball 3-2: Fly out, F9 (Flyball, 9LSF)
|
Top of the 5th over - 0 run(s), 0 hit(s), 0 error(s), 2 left on base; Texarkana 3 - District 9 1 |
BOTTOM OF THE 5TH |
District 9 Prawns batting - Pitching for Texarkana Bears : RHP Alberto Márquez
|
Batting: RHB Edgardo Carrasco
|
0-0: Swinging Strike 0-1: Ground out 4-3 (Groundball, 4)
|
Batting: RHB Boyd Pittman
|
0-0: Ball 1-0: Ground out 6-3 (Groundball, 6)
|
Batting: RHB Alfredo Rangel
|
0-0: SINGLE (Line Drive, 78S)
|
Batting: RHB Ron Glass
|
0-0: Ball Wild Pitch! Alfredo Rangel to second 1-0: Fly out, F4 (Popup, 4D)
|
Bottom of the 5th over - 0 run(s), 1 hit(s), 0 error(s), 1 left on base; Texarkana 3 - District 9 1 |
TOP OF THE 6TH |
Texarkana Bears batting - Pitching for District 9 Prawns : RHP Víctor Ventura
|
Batting: RHB Billy Campbell
|
0-0: Ball 1-0: Ball 2-0: Called Strike 2-1: Ball 3-1: Foul Ball, location: 2F 3-2: Base on Balls
|
Pitching: RHP Clayton Hawkins
|
|
Batting: LHB Tom Mullins
|
0-0: Called Strike 0-1: Ball 1-1: SINGLE (Flyball, 9LM) Billy Campbell to second Runner from 2nd tries for 3rd, SAFE, throw made to third
|
Batting: RHB Alberto Velásquez
|
0-0: Ball 1-0: Ball 2-0: Foul Ball, location: 2F 2-1: Grounds into double play, 6-4-3 (Groundball, 6) Billy Campbell scores
|
Batting: RHB Sadao Kimura
|
0-0: Foul Ball, location: 2F 0-1: Ball 1-1: Ball 2-1: Ball 3-1: Base on Balls
|
Batting: RHB Steve Garneys
|
0-0: Called Strike 0-1: Ball 1-1: Swinging Strike 1-2: Strikes out swinging
|
Top of the 6th over - 1 run(s), 1 hit(s), 0 error(s), 1 left on base; Texarkana 4 - District 9 1 |
BOTTOM OF THE 6TH |
District 9 Prawns batting - Pitching for Texarkana Bears : RHP Alberto Márquez
|
Batting: RHB José Colón
|
0-0: Ball 1-0: Called Strike 1-1: Foul Ball, location: 2F 1-2: Fly out, F4 (Line Drive, 4)
|
Batting: RHB Eduardo García
|
0-0: Ball 1-0: Foul Ball, location: 2F 1-1: Ball 2-1: Ball 3-1: Foul Ball, location: 2F 3-2: Foul Ball, location: 2F 3-2: SINGLE (Line Drive, 8RS)
|
Batting: LHB José Flores
|
0-0: Called Strike 0-1: Swinging Strike 0-2: Ball 1-2: Ball 2-2: Ball 3-2: Foul Ball, location: 2F 3-2: Fly out, F8 (Flyball, 8LS)
|
Batting: SHB Rick Turner
|
0-0: Swinging Strike 0-1: Foul Ball, location: 2F 0-2: Ball Eduardo García is caught stealing 2nd base
|
Bottom of the 6th over - 0 run(s), 1 hit(s), 0 error(s), 0 left on base; Texarkana 4 - District 9 1 |
TOP OF THE 7TH |
Texarkana Bears batting - Pitching for District 9 Prawns : RHP Clayton Hawkins
|
Batting: RHB Gilberto López
|
0-0: Called Strike 0-1: Foul Ball, location: 2F 0-2: Foul Ball, location: 2F 0-2: Ball 1-2: Fly out, F8 (Flyball, 8RM)
|
Batting: RHB Lu-fang Huie
|
0-0: Foul Ball, location: 2F 0-1: Foul Ball, location: 2F 0-2: Ball 1-2: Ball 2-2: Foul Ball, location: 2F 2-2: Ball 3-2: Strikes out swinging
|
Pitching: RHP José Huerta
|
|
Batting: RHB Keith Ford
|
0-0: SINGLE (Groundball, 34D)
|
Batting: RHB Gustavo Díaz
|
0-0: Called Strike 0-1: Foul Ball, location: 2F 0-2: Strikes out looking
|
Top of the 7th over - 0 run(s), 1 hit(s), 0 error(s), 1 left on base; Texarkana 4 - District 9 1 |
BOTTOM OF THE 7TH |
District 9 Prawns batting - Pitching for Texarkana Bears : RHP Alberto Márquez
|
Batting: SHB Rick Turner
|
0-0: Called Strike 0-1: Ball 1-1: Ball 2-1: Swinging Strike 2-2: Ball 3-2: Base on Balls
|
Batting: LHB Tommy Payne
|
0-0: Called Strike 0-1: Ball 1-1: Ball 2-1: Ground out 6-3 (Groundball, 6MS) Rick Turner to second
|
Batting: RHB Edgardo Carrasco
|
0-0: Swinging Strike 0-1: Ball 1-1: Swinging Strike 1-2: Strikes out swinging
|
Batting: RHB Boyd Pittman
|
0-0: Ball 1-0: Swinging Strike 1-1: Ball 2-1: Ball 3-1: Foul Ball, location: 2F 3-2: Foul Ball, location: 2F 3-2: Foul Ball, location: 2F 3-2: Base on Balls
|
Pitching: RHP Kosami Tagawa
|
|
Batting: RHB Alfredo Rangel
|
0-0: Ball 1-0: Ball 2-0: Called Strike 2-1: Foul Ball, location: 2F 2-2: Fly out, F7 (Flyball, 7S)
|
Bottom of the 7th over - 0 run(s), 0 hit(s), 0 error(s), 2 left on base; Texarkana 4 - District 9 1 |
TOP OF THE 8TH |
Texarkana Bears batting - Pitching for District 9 Prawns : RHP José Huerta
|
Batting: RHB Billy Campbell
|
0-0: Called Strike 0-1: Swinging Strike 0-2: Strikes out swinging
|
Batting: LHB Tom Mullins
|
0-0: Called Strike 0-1: Ball 1-1: Called Strike 1-2: SINGLE (Groundball, 56D)
|
Batting: RHB Alberto Velásquez
|
0-0: Called Strike 0-1: Foul Ball, location: 2F 0-2: Strikes out looking
|
Batting: RHB Sadao Kimura
|
0-0: Ball 1-0: Called Strike 1-1: Called Strike 1-2: Strikes out looking
|
Top of the 8th over - 0 run(s), 1 hit(s), 0 error(s), 1 left on base; Texarkana 4 - District 9 1 |
BOTTOM OF THE 8TH |
District 9 Prawns batting - Pitching for Texarkana Bears : RHP Kosami Tagawa
|
Batting: RHB Ron Glass
|
0-0: Foul Ball, location: 2F 0-1: Swinging Strike 0-2: Ball 1-2: Strikes out swinging
|
Batting: RHB José Colón
|
0-0: Ball 1-0: Ball 2-0: Called Strike 2-1: Ball 3-1: Fly out, F8 (Flyball, 8RS)
|
Batting: RHB Eduardo García
|
0-0: Swinging Strike 0-1: Ball 1-1: Ground out 6-3 (Groundball, 6)
|
Bottom of the 8th over - 0 run(s), 0 hit(s), 0 error(s), 0 left on base; Texarkana 4 - District 9 1 |
TOP OF THE 9TH |
Texarkana Bears batting - Pitching for District 9 Prawns : RHP José Huerta
|
Batting: RHB Steve Garneys
|
0-0: Called Strike 0-1: Ground out 1-3 (Groundball, 13S)
|
Batting: RHB Gilberto López
|
0-0: Ball 1-0: Ball 2-0: Ball 3-0: Called Strike 3-1: Base on Balls
|
Batting: RHB Lu-fang Huie
|
0-0: Ball 1-0: Ball 2-0: Called Strike 2-1: Ball 3-1: Foul Ball, location: 2F 3-2: Strikes out swinging Gilberto López steals 2nd base Batter strikes out.
|
Batting: RHB Keith Ford
|
0-0: Ball 1-0: Ball 2-0: Ball 3-0: Called Strike 3-1: Base on Balls
|
Batting: RHB Gustavo Díaz
|
0-0: Ground out U3 (Groundball, 34)
|
Top of the 9th over - 0 run(s), 0 hit(s), 0 error(s), 2 left on base; Texarkana 4 - District 9 1 |
BOTTOM OF THE 9TH |
District 9 Prawns batting - Pitching for Texarkana Bears : RHP Kosami Tagawa
|
Pitching: RHP Víctor López
|
|
Batting: LHB José Flores
|
0-0: Ball 1-0: Called Strike 1-1: Foul Ball, location: 2F 1-2: Foul Ball, location: 2F 1-2: Foul Ball, location: 2F 1-2: Fly out, F4 (Popup, 34D)
|
Batting: SHB Rick Turner
|
0-0: Ball 1-0: Ball 2-0: Ball 3-0: Called Strike 3-1: Called Strike 3-2: DOUBLE (Flyball, 9LD)
|
Batting: LHB Tommy Payne
|
0-0: Foul Ball, location: 2F 0-1: Called Strike 0-2: 2-RUN HOME RUN (Line Drive, 9D), Distance : 406 ft
|
Pitching: RHP Vaughan Gillespie
|
|
Pinch Hitting: LHB Leonard Young
|
0-0: Ball 1-0: Called Strike 1-1: Swinging Strike 1-2: Strikes out swinging
|
Pinch Hitting: RHB Mal Snyder
|
0-0: Ball 1-0: Ball 2-0: Ball 3-0: Base on Balls
|
Pinch Hitting: LHB Enrique Nalasco
|
0-0: Called Strike 0-1: Fielders Choice at 2nd, 6-4 (Groundball, 6)
|
Bottom of the 9th over - 2 run(s), 2 hit(s), 0 error(s), 0 left on base; Texarkana 4 - District 9 3 |
|